 Dungeon Crawl Stone Soup version 0.30-a0-883-g5ad918d77d (webtiles) character file.

Game seed: 3461482883012637809

22073 Newt the Carver (level 12, -1/95 HPs)
             Began as a Demonspawn Gladiator on Mar 17, 2023.
             Was a High Priest of Okawaru.
             Asphyxiated
             ... on level 12 of the Dungeon.
             The game lasted 00:22:57 (15161 turns).

Newt the Carver (Demonspawn Gladiator)             Turns: 15161, Time: 00:22:57

Health: -1/95      AC: 15    Str: 19    XL:     12   Next: 59%
Magic:  12/12      EV: 10    Int: 11    God:    Okawaru [*****.]
Gold:   894        SH:  0    Dex: 14    Spells: 11/11 levels left

rFire   + . .      SeeInvis .    Y - +1 triple sword (protect)
rCold   + . .      Faith    .    (shield currently unavailable)
rNeg    . . .      Spirit   .    R - +0 plate armour {Will+}
rPois   .          Reflect  .    (helmet unavailable)
rElec   .          Rampage  .    a - scarf {rC+ rF+}
rCorr   .                        C - +0 pair of gloves
Will    +....                    m - +1 pair of boots Stlth
                                 s - amulet of regeneration
HPRegen 1.15/turn                K - +4 ring of slaying
MPRegen 0.13/turn                J - +4 ring of slaying

@: lethally poisoned (-1 -> -35), slowed, very slow
A: horns 3, repulsion field 2, demonic magic 2
a: Renounce Religion, Heroism, Finesse, Duel


You were on level 12 of the Dungeon.
You worshipped Okawaru.
Okawaru was extremely pleased with you.
You visited 2 branches of the dungeon, and saw 13 of its levels.
You also visited: Ossuary and Bailey.

You collected 1090 gold pieces.
You spent 196 gold pieces at shops.

Inventory:

Hand Weapons
 W - the +9 hand axe of Bread {flame, rC+ rN+ Stlth+}
   (You found it on level 10 of the Dungeon)

   rC:        It protects you from cold.
   rN:        It protects you from negative energy.
   Stlth:     It makes you more stealthy.
 Y - a +1 triple sword of protection (weapon)
Missiles
 c - 14 silver boomerangs
 e - 3 javelins
 r - 113 stones
 u - 56 poisoned darts
 A - an atropa-tipped dart
 B - 4 silver javelins
 S - a boomerang of dispersal
 T - 4 curare-tipped darts
 U - 2 boomerangs (quivered)
Armour
 a - a scarf of resistance (worn)
 m - a +1 pair of boots (worn)
 o - a +0 cloak
 C - a +0 pair of gloves (worn)
 I - the +7 plate armour of Defiance {rF- rC+ rN+}
   (You found it on level 12 of the Dungeon)

   rF:        It makes you vulnerable to fire.
   rC:        It protects you from cold.
   rN:        It protects you from negative energy.
 L - +0 acid dragon scales
 R - a +0 plate armour of willpower (worn)
 X - a +3 chain mail of positive energy
Jewellery
 b - a ring of protection from fire
 q - a +6 ring of strength
 s - an amulet of regeneration (around neck)
 H - a ring of fire
 J - a +4 ring of slaying (right hand)
 K - a +4 ring of slaying (left hand)
Wands
 d - a wand of flame (24)
 i - a wand of digging (5)
 n - a wand of polymorph (5)
 v - a wand of mindburst (4)
Scrolls
 k - 6 scrolls of enchant armour
 l - 3 scrolls of amnesia
 x - 11 scrolls of teleportation
 y - 5 scrolls of identify
 M - 3 scrolls of noise
 V - a scroll of fear
Potions
 f - 4 potions of brilliance
 g - 2 potions of mutation
 h - 2 potions of might
 j - a potion of lignification
 p - a potion of magic
 w - 3 potions of flight
 z - a potion of attraction
 D - 2 potions of invisibility
 E - 7 potions of degeneration
 F - 3 potions of cancellation
 G - 3 potions of resistance
 Q - a potion of berserk rage
 Z - 6 potions of ambrosia
Miscellaneous
 N - a tin of tremorstones (2/2)
 O - a phantom mirror


   Skills:
 - Level 9.0 Fighting
 - Level 2.6(8.7) Short Blades
 + Level 12.8(12.9) Long Blades
 - Level 4.4(5.9) Axes
 - Level 6.0(6.6) Polearms
 - Level 6.0 Throwing
 - Level 5.0 Armour
 - Level 5.0 Dodging
 - Level 5.0 Evocations


You had 11 spell levels left.
You didn't know any spells.
Your spell library contained the following spells:

 Spells                   Type           Power      Damage    Failure   Level
 Foxfire                  Conj/Fire      0%         2x1d4     100%        1
 Freeze                   Ice            0%         1d3       100%        1
 Kiss of Death            Conj/Necr      0%         2d5       100%        1
 Magic Dart               Conj           0%         1d3       100%        1
 Sting                    Tmut/Pois      0%         1d3       100%        1
 Cigotuvi's Dreadful Rot  Necr/Pois/Air  0%         N/A       100%        2
 Ensorcelled Hibernation  Hex/Ice        0%         N/A       100%        2
 Lesser Beckoning         Tloc           0%         N/A       100%        2
 Poisonous Vapours        Pois/Air       0%         N/A       100%        2
 Scorch                   Fire           0%         2d5       100%        2
 Searing Ray              Conj           0%         2d4       100%        2
 Sublimation of Blood     Necr           0%         N/A       100%        2
 Wereblood                Tmut           0%         N/A       100%        2
 Dazzling Flash           Conj/Hex       0%         N/A       100%        3
 Frozen Ramparts          Ice            0%         1d1       100%        3
 Gell's Gravitas          Tloc           0%         N/A       100%        3
 Hailstorm                Conj/Ice       0%         3d3       100%        3
 Mephitic Cloud           Conj/Pois/Air  0%         N/A       100%        3
 Teleport Other           Tloc           0%         N/A       100%        3
 Anguish                  Hex/Necr       0%         N/A       100%        4
 Fulminant Prism          Conj/Hex       0%         3d5       100%        4
 Olgreb's Toxic Radiance  Pois           0%         N/A       100%        4
 Agony                    Necr           0%         N/A       100%        5
 Fireball                 Conj/Fire      0%         3d3       100%        5
 Freezing Cloud           Conj/Ice/Air   0%         6-21      100%        5
 Metabolic Englaciation   Hex/Ice        0%         N/A       100%        5
 Silence                  Hex/Air        0%         N/A       100%        5
 Starburst                Conj/Fire      0%         6d3       100%        6
 Enfeeble                 Hex            0%         N/A       100%        7
 Ignition                 Fire           0%         3d3       100%        8
 Summon Ice Beast         Ice/Summ       Unusable   N/A       N/A         4
 Summon Hydra             Summ           Unusable   N/A       N/A         7

Dungeon Overview and Level Annotations

Branches:
Dungeon (12/15)            Temple (1/1) D:4            Lair (0/5) D:9
    Orc (0/2) D:9         Ossuary (visited)          Bailey (visited)

Altars:
Ashenzari
Cheibriados
Dithmenos
Fedhas
Gozag
Hepliaklqana
Kikubaaqudgha
Makhleb
Nemelex Xobeh
Okawaru
Qazlal
Ru
Sif Muna
Trog
Vehumet
Wu Jian
Xom
Yredelemnul

Shops:
D:5 *   D:7 *   D:8 !   D:9 (((!

Portals:
Bazaar: D:12

Annotations:
D:12 Sonja


Innate Abilities, Weirdness & Mutations

You have a pair of large horns on your head.
You are surrounded by a moderate repulsion field. (EV +3)
Spells you cast may paralyse nearby enemies.


Message History

* * * LOW HITPOINT WARNING * * *
You feel extremely sick. Sonja hits you but does no damage.
You are more poisoned.
Sonja hits you with a +1 dagger of venom.
* * * LOW HITPOINT WARNING * * *
You are more poisoned.
Sonja closely misses you. x2
Sonja hits you with a +1 dagger of venom.
* * * LOW HITPOINT WARNING * * *
Sonja hits you but does no damage.
You are more poisoned.
The wraith closely misses you.
You feel better. Sonja hits you but does no damage.
You are poisoned.
Sonja hits you but does no damage.
You are more poisoned.
Sonja hits you but does no damage.
You are more poisoned.
The wraith hits you!
* * * LOW HITPOINT WARNING * * *
The wraith drains your vigour!
You feel as though you will be slow longer.
Sonja hits you but does no damage. x2
You are lethally poisoned!
Sonja hits you but does no damage.
You are more poisoned.
The wraith hits you.
* * * LOW HITPOINT WARNING * * *
Unknown command.
Unknown command.
Blink to where?
Press: ? - help, Dir - move target, p - Sonja
As you read the scroll of blinking, it crumbles to dust.
* * * LOW HITPOINT WARNING * * *
You feel extremely sick.
Sonja throws a curare-tipped dart.
The curare-tipped dart hits you.
You are more poisoned.
You have difficulty breathing.
You die...

#.....W.# #....#
#....§K.# ....#....#
..........# ....#....#
....$.....#.....##...#
.#######..#......#...#
+..+......#...#
§§§≈≈§.....#....
§≈§≈≈≈§....#.....
§§@>≈≈#
....≈≈≈§≈§≈....
#####§≈≈§≈§....
....§§...... .....
.##### ....... .#
######. # #.


You could see Sonja.

Vanquished Creatures
  A catoblepas (D:12)
  A centaur warrior (D:12)
  3 two-headed ogres
  A boulder beetle (D:12)
  Pikel (D:7)
  A deep elf pyromancer (D:11)
  An orc knight (Bailey)
  A cyclops (D:7)
  3 manticores (D:12)
  Joseph (D:7)
  5 kobold demonologists
  A queen bee (D:11)
  A hornet (D:10)
  3 trolls
  18 yaks
  2 wraiths
  A slime creature (D:7)
  A shadow (D:9)
  2 steam dragons
  6 vampire mosquitoes
  3 wargs (D:8)
  2 acid dragons
  2 water moccasins
  Duvessa (D:7)
  3 ice beasts (D:7)
  17 orc warriors
  A sky beast (D:6)
  2 black bears
  5 centaurs
  5 ogres
  A phantom (D:6)
  4 lemures (D:7)
  3 bullfrogs
  13 kobold brigands
  Blork the orc (D:6)
  3 scorpions
  A gnoll sergeant (D:9)
  6 wights
  Dowan (D:7)
  26 killer bees
  5 howler monkeys
  12 electric eels
  2 human zombies (Ossuary)
  4 hounds
  Crazy Yiuf (D:2)
  6 orc priests
  3 jellies
  3 iguanas
  Natasha (thrice) (D:2)
  12 orc wizards
  4 mummies (Ossuary)
  25 gnolls
  7 adders
  3 white imps
  An ufetubus (D:5)
  2 adder zombies (Ossuary)
  2 dart slugs (D:4)
  61 orcs
  10 endoplasms
  7 giant cockroaches
  A gnoll zombie (Ossuary)
  20 goblins
  14 hobgoblins
  17 jackals
  36 kobolds
  9 quokkas
  9 ball pythons
  9 bats
  9 frilled lizards
  A goblin zombie (Ossuary)
  2 jackal zombies (Ossuary)
  2 kobold zombies (Ossuary)
  2 rats
  2 rat zombies (Ossuary)
460 creatures vanquished.

Vanquished Creatures (others)
  22 plants
22 creatures vanquished.

Grand Total: 482 creatures vanquished

Notes
Turn   | Place    | Note
-------+----------+-------------------------------------------
     0 | D:1      | Newt the Demonspawn Gladiator began the quest for the Orb.
     0 | D:1      | Reached XP level 1. HP: 16/16 MP: 1/1
    46 | D:1      | You fall into a shaft and drop 1 floor!
    78 | D:2      | Gained mutation: You have a pair of small horns on your
                  | head. [demonic ancestry]
    78 | D:2      | Reached XP level 2. HP: 23/23 MP: 2/2
   221 | D:1      | Reached XP level 3. HP: 13/29 MP: 3/3
  1026 | D:2      | Gained mutation: You are surrounded by a mild repulsion
                  | field. (EV +2) [demonic ancestry]
  1026 | D:2      | Reached XP level 4. HP: 37/37 MP: 4/4
  1107 | D:2      | Noticed Natasha
  1115 | D:2      | Killed Natasha
  1140 | D:2      | Noticed Natasha
  1146 | D:2      | Killed Natasha
  1247 | D:2      | Found a runed translucent door.
  1248 | D:2      | Noticed Crazy Yiuf
  1290 | D:2      | Noticed Natasha
  1296 | D:2      | Killed Natasha
  1297 | D:2      | Gained mutation: Spells you cast may paralyse adjacent
                  | enemies. [demonic ancestry]
  1297 | D:2      | Reached XP level 5. HP: 41/42 MP: 5/5
  1463 | D:2      | Killed Crazy Yiuf
  2473 | D:4      | Gained mutation: You have a pair of horns on your head.
                  | [demonic ancestry]
  2473 | D:4      | Reached XP level 6. HP: 44/48 MP: 6/6
  2534 | D:4      | Reached skill level 5 in Throwing
  3410 | D:4      | Found a staircase to the Ecumenical Temple.
  3436 | Temple   | Entered the Ecumenical Temple
  3499 | Temple   | Became a worshipper of Warmaster Okawaru
  3543 | D:4      | Found a bloodstained altar of Trog.
  3935 | D:4      | Reached skill level 1 in Polearms
  3935 | D:4      | Gained mutation: You have a pair of large horns on your
                  | head. [demonic ancestry]
  3935 | D:4      | Reached XP level 7. HP: 45/54 MP: 7/7
  4341 | D:4      | Reached * piety under Okawaru
  4824 | D:5      | Entered Level 5 of the Dungeon
  4956 | D:5      | Found a blossoming altar of Fedhas.
  4992 | D:5      | Reached skill level 5 in Polearms
  4992 | D:5      | Reached XP level 8. HP: 34/60 MP: 8/8
  5295 | D:5      | Found a shadowy altar of Dithmenos.
  5320 | D:5      | Found an opulent altar of Gozag.
  5325 | D:5      | Found Gozag's Platinum Reserve.
  5993 | D:6      | Found a sand-covered staircase.
  5998 | Ossuary  | Entered an ossuary
  6039 | Ossuary  | Reached skill level 1 in Long Blades
  6385 | D:6      | Reached ** piety under Okawaru
  6386 | D:6      | Reached skill level 2 in Long Blades
  6466 | D:6      | Reached skill level 3 in Long Blades
  6647 | D:6      | Found an ancient bone altar of Kikubaaqudgha.
  6664 | D:6      | Noticed Blork the orc
  6673 | D:6      | Killed Blork the orc
  6868 | D:6      | Reached XP level 9. HP: 57/65 MP: 9/9
  6922 | D:7      | Noticed a cyclops
  6930 | D:6      | Reached skill level 4 in Long Blades
  6947 | D:7      | Reached skill level 5 in Dodging
  7141 | D:7      | Killed a cyclops
  7141 | D:7      | Reached *** piety under Okawaru
  7142 | D:7      | Reached skill level 5 in Long Blades
  7191 | D:7      | Received a gift from Okawaru
  7192 | D:7      | Reached skill level 6 in Long Blades
  7709 | D:7      | Noticed Joseph
  7727 | D:7      | Killed Joseph
  7728 | D:7      | Reached skill level 7 in Long Blades
  7845 | D:7      | Noticed Duvessa
  7845 | D:7      | Noticed Dowan
  7865 | D:7      | Reached **** piety under Okawaru
  7871 | D:7      | Reached skill level 8 in Long Blades
  7876 | D:7      | Killed Duvessa
  7883 | D:7      | Killed Dowan
  7904 | D:7      | HP: 1/65 [ice beast (13)]
  8609 | D:7      | Found Zin's Purification Station.
  8614 | D:7      | Noticed Pikel
  8661 | D:7      | Killed Pikel
  8662 | D:7      | Reached skill level 9 in Long Blades
  8662 | D:7      | Gained mutation: Spells you cast may paralyse nearby
                  | enemies. [demonic ancestry]
  8662 | D:7      | Reached XP level 10. HP: 71/71 MP: 10/10
  8789 | D:7      | Noticed a sun demon
  8801 | D:7      | Received a gift from Okawaru
  8808 | D:7      | HP: 2/69 [something (15)]
  9202 | D:7      | Got the Directory of Hypothermia
  9351 | D:7      | Reached ***** piety under Okawaru
  9373 | D:7      | Reached skill level 5 in Armour
  9404 | D:7      | Reached skill level 1 in Evocations
 10250 | D:8      | Received a gift from Okawaru
 10278 | D:8      | Found Werysupt's Distillery.
 10287 | D:8      | Bought a potion of heal wounds for 70 gold pieces
 10310 | D:8      | Found a burning altar of Makhleb.
 10311 | D:8      | Found a basalt altar of Yredelemnul.
 10712 | D:9      | Found Attefoir's Weapon Boutique.
 10722 | D:9      | Found a staircase to the Lair.
 10798 | D:8      | Received a gift from Okawaru
 10799 | D:8      | Reached skill level 5 in Evocations
 10969 | D:8      | Reached skill level 5 in Fighting
 11114 | D:9      | Reached XP level 11. HP: 68/80 MP: 11/11
 11322 | D:9      | Found Hixkatru's Weapon Emporium.
 11379 | D:9      | Received a gift from Okawaru
 11463 | D:9      | Noticed a two-headed ogre
 11465 | D:9      | Found a shimmering altar of Xom.
 11470 | D:9      | Killed a two-headed ogre
 11526 | D:9      | Identified the +1 ring mail of Grace {Str+2 Dex+7}
 11610 | D:9      | Found Plog's Distillery.
 11622 | D:9      | Bought a potion of heal wounds for 70 gold pieces
 11622 | D:9      | Bought a potion of might for 56 gold pieces
 11768 | D:9      | Received a gift from Okawaru
 11863 | D:9      | Found a staircase to the Orcish Mines.
 12105 | D:9      | Found Dunlyu's Weapon Boutique.
 12227 | D:10     | Entered Level 10 of the Dungeon
 12274 | D:10     | Paralysed by a hornet for 3 turns
 12475 | D:10     | Found a flagged portal.
 12478 | D:10     | Identified the +9 hand axe of Bread {flame, rC+ rN+ Stlth+}
 12482 | Bailey   | Entered a bailey
 12638 | Bailey   | Reached skill level 1 in Axes
 12659 | Bailey   | Noticed an orc knight
 12668 | Bailey   | Killed an orc knight
 12919 | Bailey   | Found an iron altar of Okawaru.
 12924 | Bailey   | Noticed a sun demon
 12947 | Bailey   | Got the Atlas of Torrid Bruises
 13298 | Bailey   | Acquired a +1 triple sword of protection
 13512 | D:10     | Received a gift from Okawaru
 13906 | D:11     | Reached skill level 10 in Long Blades
 14073 | D:11     | Gained mutation: You are surrounded by a moderate repulsion
                  | field. (EV +3) [demonic ancestry]
 14073 | D:11     | Reached XP level 12. HP: 36/95 MP: 12/12
 14167 | D:11     | Noticed a two-headed ogre
 14173 | D:11     | Killed a two-headed ogre
 14402 | D:11     | Identified the +3 falchion of a Hundred Violins {heavy, rC+
                  | Will+ Str+2 Int+2}
 14418 | D:11     | Reached skill level 11 in Long Blades
 14747 | D:12     | Noticed a catoblepas
 14752 | D:12     | Noticed a centaur warrior
 14764 | D:12     | Killed a catoblepas
 14771 | D:12     | Killed a centaur warrior
 14819 | D:12     | Identified the +3 broad axe of Dismay {venom, rElec}
 14822 | D:12     | Identified the +7 plate armour of Defiance {rF- rC+ rN+}
 14842 | D:12     | Reached skill level 12 in Long Blades
 14922 | D:12     | Identified the +0 rapier of Bala {flame, rPois Will++ Int-5
                  | SInv}
 15073 | D:12     | Noticed a two-headed ogre
 15079 | D:12     | Killed a two-headed ogre
 15135 | D:12     | Noticed a boulder beetle
 15143 | D:12     | Killed a boulder beetle
 15145 | D:12     | Found a flickering gateway to a bazaar.
 15152 | D:12     | Noticed Sonja
 15161 | D:12     | HP: 4/95 [poisoned by Sonja]
 15161 | D:12     | Asphyxiated

Illustrated notes

Levels and vault maps discovered:
D:1:      nzn_arrival_settlement, layout_rooms
D:2:      layout_basic, nicolae_titane, uniq_natasha, uniq_crazy_yiuf_cottage
D:3:      minmay_octagon_keep, layout_basic
D:4:      lemuel_castle_with_subvaults [lemuel_castle_interior_carwin_2],
          layout_cave_pods, amcnicky_altar_gilded, minmay_temple_entry_glass
D:5:      layout_layer_cave, mainiacjoe_overflow_paths,
          nicolae_gozag_zags_fifth_avenue, overflow_temple_1_default
D:6:      layout_cave_pools, mainiacjoe_overflow_chevrons, enter_ossuary_2,
          kennysheep_boxes, uniq_blork_the_orc
D:7:      minmay_the_grid_square_5x5_3x3 [minmay_the_grid_square_5x5_three,
          minmay_the_grid_square_5x5_one_wall, minmay_the_grid_square_5x5_fat_x,
          minmay_the_grid_square_5x5_three_small,
          minmay_the_grid_square_5x5_megaprize_diamond,
          minmay_the_grid_square_5x5_meh, minmay_the_grid_square_5x5_eight,
          minmay_the_grid_square_5x5_minimal,
          minmay_the_grid_square_5x5_checkered_sparse], layout_cave_pods,
          zin_purify, minivault_10, minmay_microvault, uniq_pikel, uniq_duvessa,
          uniq_joseph
D:8:      layout_rooms, nicolae_overflow_hidden_temple, serial_shops,
          nicolae_square_shop, serial_bayou_lake_a
D:9:      layout_cave_pods, xom_butterflies, erik_lair_orcish_takeover,
          kennysheep_orc_monster_closet_entryway, serial_shops,
          nicolae_stop_n_shop_1, nicolae_shop_statue_plus,
          nicolae_stop_n_shop_1, nicolae_shop_advertising_works
          [nicolae_subvault_shop_adworks]
D:10:     layout_roguey, enter_bailey_2, chequers_jeans
D:11:     layout_roguey, special_room [special_room_bee],
          minmay_unpleasant_kobolds
D:12:     cheibrodos_elevator_heist, layout_irregular_city, serial_shops,
          bzr_entry_islet, uniq_sonja
Temple:   nicolae_temple_x_marks_the_god

Skill      XL: |  1  2  3  4  5  6  7  8  9 10 11 12 |
---------------+-------------------------------------+-----
Fighting       | 3 4 5 9 |  9.0
Throwing       | 2 3 4 6 |  6.0
Polearms       | 1 5 6 |  6.0
Long Blades    | 3 9 10 12 | 12.8
Dodging        | 4 5 |  5.0
Armour         | 5 |  5.0
Evocations     | 5 |  5.0
Axes           | 4 |  4.4
Short Blades   | |  2.6

Action                     |  1- 3 |  4- 6 |  7- 9 | 10-12 || total
---------------------------+-------+-------+-------+-------++-------
  Melee: Rapier            |   130 |    80 |       |       ||   210
         Headbutt          |    18 |    29 |    80 |   107 ||   234
         Punch             |     2 |       |    10 |       ||    12
         Unarmed           |       |     1 |       |       ||     1
         Spear             |       |   130 |   496 |       ||   626
         Great sword       |       |       |       |   347 ||   347
         Triple sword      |       |       |       |   216 ||   216
  Throw: Javelin           |     1 |       |     1 |     1 ||     3
         Stone             |       |     8 |       |       ||     8
         Throwing net      |       |     1 |     3 |       ||     4
         Boomerang         |       |       |     3 |    26 ||    29
         Dart              |       |       |       |     2 ||     2
 Invoke: Heroism           |       |       |       |     1 ||     1
    Use: Scroll            |    12 |     5 |     5 |     7 ||    29
         Potion            |       |     2 |     7 |     8 ||    17
   Stab: Sleeping          |       |     1 |       |     1 ||     2
         Held in net/web   |       |     1 |     1 |       ||     2
         Invisible         |       |       |     3 |       ||     3
 Armour: Leather armour    |    47 |    66 |   116 |    10 ||   239
         Plate armour      |       |       |       |   409 ||   409
         Acid dragon scale |       |       |       |    30 ||    30
  Dodge: Dodged            |   104 |   175 |   324 |   557 ||  1160

Table legend: (Time is in decaauts)
 A = Elapsed time spent in this place.
 B = Non-inter-level travel time spent in this place.
 C = Inter-level travel time spent in this place.
 D = Time resting spent in this place.
 E = Time spent auto-exploring this place.
 F = Levels seen in this place.
 G = Mean time per level.
                   A        B        C        D        E       F      G
               +--------+--------+--------+--------+--------+-----+--------+
         Total |  15355 |  14759 |    596 |   3974 |   7637 |  15 | 1023.7 |
       Dungeon |  14154 |  13578 |    576 |   3679 |   7007 |  12 | 1179.5 |
        Temple |     70 |     51 |     19 |      0 |     46 |   1 |   70.0 |
       Ossuary |    267 |    267 |      0 |      0 |    176 |   1 |  267.0 |
        Bailey |    862 |    862 |      0 |    295 |    407 |   1 |  862.0 |
               +--------+--------+--------+--------+--------+-----+--------+

Top non-repeatable levels by time:
     D:7: 2507 daAuts
     D:4: 1812 daAuts
     D:8: 1463 daAuts
     D:3: 1441 daAuts
     D:9: 1213 daAuts
     D:5: 1138 daAuts
    D:11: 1095 daAuts
     D:2: 902 daAuts
  Bailey: 862 daAuts
     D:6: 860 daAuts
    D:10: 670 daAuts
     D:1: 639 daAuts
    D:12: 410 daAuts
 Ossuary: 267 daAuts
  Temple: 70 daAuts
